Map: 2000 애트모스피어 - 래더

Players

하스 (Has)

  • Race: Protoss Protoss
  • League: Master

cyan - Winner!

  • Race: Protoss Protoss
  • League: Grandmaster

Event: DreamHack SC2 Masters Last Chance 2022

VOD

Have the link to the VOD?

Description

Time

  • Played on: Dec. 15, 2021, 5:45 a.m.
  • Length: 6:24

All games in this series

Show
View Real Time Build Order
Export as new Build Order

하스 Protoss 

Build Orders:  

Get SALT Encoding   

  12  0:00  Probe  
  13  0:13  Probe  
  14  0:16  Pylon  
  14  0:25  Probe (Chrono Boost)  
  15  0:36  Gateway  
  15  0:37  Probe (Chrono Boost)  
  16  0:44  Probe (Chrono Boost)  
  16  0:48  Assimilator  
  17  0:51  Probe  
  17  0:54  Assimilator  
  18  1:04  Probe (Chrono Boost)  
  19  1:07  Gateway  
  19  1:16  Probe (Chrono Boost)  
  20  1:21  Probe (Chrono Boost)  
  20  1:23  Cybernetics Core  
  21  1:30  Probe  
  22  1:36  Pylon  
  22  1:42  Probe  
  23  1:54  Probe  
  23  1:57  Warp Gate (Chrono Boost)  
  23  1:59  Stalker x2  
  28  2:07  Pylon  
  28  2:21  Pylon  
  28  2:29  Stalker x2  
  31  2:40  Gateway  
  31  2:59  Stalker x2  
  31  3:04  Gateway  
  35  3:20  Shield Battery  
  35  3:21  Pylon  
  35  3:48  Stalker x3  
  35  4:06  Shield Battery  
  35  4:07  Sentry  
  37  4:14  Stalker x2  
  41  4:19  Shield Battery  
  41  4:40  Stalker x2  
  41  4:41  Stalker  
  47  4:47  Stalker  
  39  5:08  Stalker x2  
  39  5:12  Stalker  
  33  5:36  Stalker x3  
  39  5:45  Stalker  
  41  6:03  Stalker x2  
Show
View Real Time Build Order
Export as new Build Order

cyan Protoss - Winner!

Build Orders: 1 Gate Expand, Proxy Void Ray 

Get SALT Encoding   

  12  0:00  Probe  
  13  0:12  Probe  
  14  0:19  Pylon  
  14  0:24  Probe  
  15  0:37  Probe (Chrono Boost)  
  15  0:39  Gateway  
  16  0:46  Probe (Chrono Boost)  
  16  0:47  Assimilator  
  17  0:52  Probe  
  18  1:04  Probe  
  19  1:16  Probe  
  20  1:23  Nexus  
  20  1:34  Cybernetics Core  
  20  1:37  Probe  
  21  1:42  Assimilator  
  21  1:50  Probe  
  21  1:52  Pylon  
  22  2:02  Probe (Chrono Boost)  
  22  2:07  Stalker (Chrono Boost)  
  23  2:12  Probe (Chrono Boost)  
  26  2:18  Probe  
  26  2:21  Stargate  
  27  2:26  Pylon  
  27  2:33  Probe  
  27  2:35  Probe  
  29  2:42  Shield Battery  
  29  2:46  Stalker  
  29  2:48  Probe  
  32  2:52  Probe  
  32  2:57  Void Ray (Chrono Boost)  
  33  3:00  Probe  
  34  3:10  Shield Battery  
  38  3:16  Stalker  
  40  3:21  Shield Battery  
  40  3:28  Robotics Facility  
  40  3:32  Shield Battery  
  40  3:38  Pylon  
  39  3:46  Void Ray (Chrono Boost)  
  37  3:52  Probe  
  40  3:59  Probe  
  41  4:05  Probe  
  41  4:09  Assimilator  
  42  4:11  Probe  
  42  4:16  Immortal (Chrono Boost)  
  44  4:17  Probe  
  44  4:22  Assimilator  
  44  4:23  Probe, Pylon  
  49  4:31  Gateway  
  49  4:32  Void Ray  
  53  4:46  Cybernetics Core  
  53  4:47  Probe  
  54  5:01  Immortal (Chrono Boost)  
  54  5:09  Void Ray, Pylon  
  54  5:14  Gateway  
  54  5:21  Zealot  
  60  5:25  Pylon  
  52  5:36  Immortal (Chrono Boost)  
  56  5:43  Shield Battery  
  56  5:49  Shield Battery  
  56  6:00  Probe x2  
  66  6:12  Probe  
  66  6:13  Pylon  

Tags
 
Add a new tag
Caveats
  • Supply blocks, unpowered buildings, or Contaminate may cause inaccurate times.
  • Supply counts are checked every 10 seconds.